 Dungeon Crawl Stone Soup version 0.28-a0-863-g8cecda6153 (webtiles) character file.

Game seed: 14922641607374808204

26498 ders the Geomancer (level 13, -2/66 HPs)
             Began as a Gargoyle Earth Elementalist on Nov 16, 2021.
             Was an Elder of Vehumet.
             Slain by a komodo dragon (5 damage)
             ... on level 2 of the Lair of Beasts.
             The game lasted 00:27:27 (16934 turns).

ders the Geomancer (Gargoyle Earth Elementalist)   Turns: 16934, Time: 00:27:28

Health: -2/66      AC: 15    Str: 12    XL:     13   Next: 26%
Magic:  4/29       EV: 11    Int: 21    God:    Vehumet [****..]
Gold:   1211       SH:  4    Dex: 10    Spells: 21/36 levels left

rFire   . . .      SeeInvis .   m - +2 dagger (venom)
rCold   . . .      Faith    .   w - +0 buckler
rNeg    + . .      Spirit   .   G - +0 steam dragon scales
rPois   ∞          Reflect  .   (no helmet)
rElec   +          Harm     .   (no cloak)
rCorr   .          Rampage  .   (no gloves)
Will    +....                   f - +0 pair of boots
Stlth   ++........              x - amulet of magic regeneration
HPRegen 0.21/turn               A - ring of flight
MPRegen 0.46/turn               J - ring of willpower

@: freezing walls, flying
A: sickness immunity, AC +9, negative energy resistance 1, electricity
resistance, torment resistance 1, petrification resistance
a: Renounce Religion


You were on level 2 of the Lair of Beasts.
You worshipped Vehumet.
Vehumet was greatly pleased with you.
You visited 4 branches of the dungeon, and saw 15 of its levels.
You also visited: Bailey.

You collected 1399 gold pieces.
You spent 188 gold pieces at shops.

Inventory:

Hand Weapons
 m - a +2 dagger of venom (weapon)
Missiles
 c - 43 stones
 N - 3 throwing nets
Armour
 b - a +0 robe
 f - a +0 pair of boots (worn)
 w - a +0 buckler (worn)
 G - +0 steam dragon scales (worn)
Jewellery
 e - an amulet of the acrobat
 x - an amulet of magic regeneration (around neck)
 A - a ring of flight (left hand)
 J - a ring of willpower (right hand)
 K - a ring of ice
Wands
 C - a wand of flame (20)
 D - a wand of acid (7)
 F - a wand of mindburst (48)
 H - a wand of polymorph (14)
Scrolls
 i - 2 scrolls of enchant armour
 k - 3 scrolls of teleportation
 n - a scroll of silence
 o - a scroll of immolation
 q - 2 scrolls of summoning
 r - 3 scrolls of fear
 v - 4 scrolls of amnesia
 y - 4 scrolls of blinking
 z - 3 scrolls of vulnerability
 B - a scroll of magic mapping
Potions
 a - a potion of heal wounds
 d - 2 potions of invisibility
 g - 3 potions of degeneration
 h - a potion of haste
 j - a potion of lignification
 l - 4 potions of resistance
 p - 5 potions of magic
 s - a potion of attraction
 t - a potion of curing
 u - 5 potions of might
 I - 3 potions of flight
 L - a potion of ambrosia
 M - a potion of brilliance {unknown}


   Skills:
 + Level 2.1 Fighting
 + Level 0.8 Short Blades
 - Level 1.5 Dodging
 + Level 4.6 Stealth
 - Level 4.0 Shields
 + Level 12.0 Spellcasting
 + Level 12.4 Conjurations
 + Level 3.2 Transmutations
 + Level 0.6 Ice Magic
 + Level 14.9 Earth Magic


You had 21 spell levels left.
You knew the following spells:

 Your Spells              Type           Power      Damage    Failure   Level
a - Sandblast             Erth           100%       2d20      0%          1
b - Stone Arrow           Conj/Erth      100%       3d13      1%          3
c - Petrify               Tmut/Erth      50%        N/A       1%          4
d - Frozen Ramparts       Ice            30%        1d5       3%          3
e - Fulminant Prism       Conj/Hex       19%        3d11      1%          4

Your spell library contained the following spells:

 Spells                   Type           Power      Damage    Failure   Level
 Beastly Appendage        Tmut           52%        N/A       1%          1
 Passwall                 Tmut/Erth      41%        N/A       1%          2
 Wereblood                Tmut           26%        N/A       1%          2
 Sting                    Tmut/Pois      76%        1d6       2%          1
 Poisonous Vapours        Pois/Air       24%        N/A       2%          2
 Leda's Liquefaction      Hex/Erth       22%        N/A       2%          4
 Spider Form              Tmut/Pois      19%        N/A       9%          3
 Olgreb's Toxic Radiance  Pois           12%        N/A       13%         4
 Call Canine Familiar     Summ           12%        N/A       16%         3
 Portal Projectile        Hex/Tloc       24%        N/A       16%         3


Dungeon Overview and Level Annotations

Branches:
Dungeon (11/15)            Temple (1/1) D:7            Lair (2/6) D:9
    Orc (1/2) D:10         Bailey (visited)
  Swamp: Lair:2-4    Shoals: Lair:2-4     Snake: Lair:2-4    Spider: Lair:2-4

Altars:
Ashenzari
Cheibriados
Elyvilon
Fedhas
Gozag
Kikubaaqudgha
Okawaru
Qazlal
Ru
Trog
Uskayaw
Vehumet
Wu Jian
Yredelemnul
Zin

Shops:
D:3 *

Annotations:
D:7 3 runed translucent doors, Bravepunisher's ghost, novice SpMo
Lair:1 1 runed translucent door, ders's ghost, journeyman GrEE


Innate Abilities, Weirdness & Mutations

You are immune to sickness and miasma.
Your stone body is resilient. (AC +9)
You are immune to poison.
You resist negative energy. (rN+)
You are resistant to electric shocks. (rElec)
You are resistant to unholy torment.
You are immune to petrification.


Message History

Press: ? - help, Shift-Dir - straight line, f - yak
Aim: a yak (lightly wounded, 90% to hit)
The blast of sand hits the yak!!
The yak is heavily wounded.
The wall freezes the yak.
The yak misses you.
The wall freezes the komodo dragon. x2; The komodo dragon bites you!!
* * * LOW HITPOINT WARNING * * *
Unknown command.
Casting: Sandblast (safe; 0% risk of failure)
Confirm with . or Enter, or press ? or * to list all spells.
Aiming: Sandblast (safe; 0% risk of failure)
Press: ? - help, Shift-Dir - straight line, f/p - yak
Aim: a yak (severely wounded, 90% to hit)
The blast of sand hits the yak!!
You kill the yak!
Vehumet accepts your kill.
You feel your power returning.
The wall freezes the komodo dragon. x2
The komodo dragon seems to slow down.
The komodo dragon closely misses you.
Your Spellcasting skill increases to level 12!
Unknown command.
Casting: Sandblast (safe; 0% risk of failure)
Confirm with . or Enter, or press ? or * to list all spells.
Aiming: Sandblast (safe; 0% risk of failure)
Press: ? - help, Shift-Dir - straight line, f - komodo dragon
Aim: a komodo dragon (lightly wounded, 88% to hit)
The blast of sand hits the komodo dragon!
The komodo dragon is heavily wounded.
The komodo dragon is no longer moving slowly.
The wall freezes the komodo dragon.
The komodo dragon seems to slow down.
The komodo dragon closely misses you.
A polar bear comes into view.
The wall freezes the yak.
Unknown command.
You feel much better.
The wall freezes the komodo dragon.
The komodo dragon seems to slow down.
The komodo dragon bites you!
The wall freezes the komodo dragon.
The komodo dragon bites you!!
* * * LOW HITPOINT WARNING * * *
The wall freezes the yak.
The wall freezes the komodo dragon.
The komodo dragon seems to slow down.
The komodo dragon bites you.
You die...

..........## .
..........# .. ##
##..#####'.#
...##.###...#≈...#.#
...h........#≈...#.#
............#≈...#.##
....(.†.YY..#≈...#..#
...##.###lll#≈≈≈≈#..#
# ##@.'#####..#
##.†..##...P#
#....###...##
##....##...##
#...###....#
#...###...##
###.<..#....#
..............#
..............#


You could see a polar bear, 3 komodo dragons and 2 yaks.

Vanquished Creatures
  Harold (Lair:1)
  2 two-headed ogres
  A centaur warrior (D:10)
  8 wizards (D:10)
  An orc knight (Bailey)
  A cyclops (D:11)
  5 elephants (Lair:1)
  Maurice (D:9)
  A gargoyle (D:11)
  5 cane toads (Lair:1)
  5 komodo dragons
  2 trolls
  4 hornets
  A blink frog (Lair:2)
  5 wyverns
  2 shadows (D:7)
  A human (D:10)
  4 hogs (D:10)
  29 yaks
  3 basilisks (Lair:1)
  2 steam dragons
  Menkaure (D:5)
  A warg (D:10)
  11 water moccasins
  10 orc warriors
  2 ice beasts
  2 black bears
  A hornet zombie (D:7)
  3 necrophages
  An ogre (D:6)
  7 centaurs
  2 kobold brigands (D:9)
  4 bullfrogs
  3 scorpions
  A wyvern skeleton (D:7)
  A water moccasin skeleton (D:5)
  14 killer bees
  13 wights (D:9)
  3 bullfrog zombies
  5 howler monkeys
  3 hounds
  6 orc priests
  A jelly (D:7)
  3 iguanas
  2 gnoll shamans
  8 orc wizards
  A howler monkey zombie (D:7)
  10 gnolls
  9 adders
  3 howler monkey skeletons
  A shadow imp (D:5)
  3 white imps
  3 dart slugs
  33 orcs
  8 ball pythons
  6 endoplasms
  3 giant cockroaches
  11 goblins
  14 hobgoblins
  6 jackals
  4 quokkas
  6 bats
  5 frilled lizards
  38 kobolds
  2 rats
358 creatures vanquished.

Vanquished Creatures (others)
  7 fulminant prisms
  6 fungi
  43 plants
56 creatures vanquished.

Grand Total: 414 creatures vanquished

Notes
Turn   | Place    | Note
-------+----------+-------------------------------------------
     0 | D:1      | ders the Gargoyle Earth Elementalist began the quest for
                  | the Orb.
     0 | D:1      | Reached XP level 1. HP: 10/10 MP: 3/3
   111 | D:1      | Reached skill level 4 in Earth Magic
   111 | D:1      | Reached XP level 2. HP: 13/15 MP: 1/5
   649 | D:1      | Found a faded altar of an unknown god.
   893 | D:1      | Reached XP level 3. HP: 19/19 MP: 4/6
   897 | D:1      | Learned a level 3 spell: Stone Arrow
  1336 | D:2      | You fall into a shaft and drop 2 floors!
  1415 | D:3      | Reached skill level 1 in Conjurations
  1467 | D:3      | Found Zuopit's General Store.
  1602 | D:3      | Reached XP level 4. HP: 24/24 MP: 5/8
  1817 | D:3      | Found a bloodstained altar of Trog.
  2581 | D:2      | Reached XP level 5. HP: 28/28 MP: 6/9
  2616 | D:2      | Reached skill level 5 in Earth Magic
  3558 | D:3      | Reached XP level 6. HP: 26/32 MP: 2/11
  4178 | D:5      | Entered Level 5 of the Dungeon
  4308 | D:5      | Noticed a black bear
  4310 | D:5      | Killed a black bear
  4449 | D:5      | Reached XP level 7. HP: 33/36 MP: 2/12
  4550 | D:5      | Noticed Menkaure
  4555 | D:5      | Killed Menkaure
  4556 | D:5      | Reached skill level 5 in Conjurations
  4556 | D:5      | Reached skill level 6 in Earth Magic
  5404 | D:6      | Reached XP level 8. HP: 41/41 MP: 4/14
  5833 | D:6      | Reached skill level 7 in Earth Magic
  5836 | D:6      | Reached skill level 5 in Spellcasting
  6782 | D:7      | Noticed a cyclops
  6783 | D:7      | Noticed Bravepunisher's ghost (novice SpMo)
  7044 | D:7      | Found a runed translucent gate.
  7044 | D:7      | Found a runed translucent gate.
  7044 | D:7      | Found a runed translucent gate.
  7113 | D:7      | Found a staircase to the Ecumenical Temple.
  7124 | Temple   | Entered the Ecumenical Temple
  7129 | Temple   | Became a worshipper of Vehumet
  7141 | D:7      | Learned a level 4 spell: Petrify
  7145 | D:7      | Noticed a hornet
  7148 | D:7      | Killed a hornet
  7149 | D:7      | Reached skill level 1 in Transmutations
  7303 | D:7      | Reached XP level 9. HP: 41/45 MP: 10/17
  7579 | D:7      | Reached skill level 8 in Earth Magic
  8772 | D:8      | Reached skill level 1 in Shields
  9083 | D:8      | Reached skill level 9 in Earth Magic
  9085 | D:8      | Reached * piety under Vehumet
  9085 | D:8      | Offered knowledge of Freeze by Vehumet.
  9088 | D:8      | Reached XP level 10. HP: 33/50 MP: 13/20
  9380 | D:8      | Found a flagged portal.
  9391 | Bailey   | Entered a bailey
  9749 | Bailey   | Reached ** piety under Vehumet
  9784 | Bailey   | Noticed an orc knight
  9784 | Bailey   | Offered knowledge of Static Discharge by Vehumet.
  9819 | Bailey   | Killed an orc knight
 10014 | D:3      | Bought a scroll of blinking for 97 gold pieces
 10014 | D:3      | Bought 2 scrolls of amnesia for 91 gold pieces
 10168 | D:8      | Noticed a red ugly thing
 10463 | D:9      | Reached skill level 10 in Earth Magic
 10484 | D:9      | Noticed Maurice
 10610 | D:9      | Killed Maurice
 10610 | D:9      | Offered knowledge of Searing Ray by Vehumet.
 10611 | D:9      | Reached skill level 11 in Earth Magic
 10778 | D:9      | Found a staircase to the Lair.
 10795 | D:9      | Reached XP level 11. HP: 32/54 MP: 14/23
 10988 | D:9      | Noticed a two-headed ogre
 11011 | D:9      | Killed a two-headed ogre
 11012 | D:9      | Reached skill level 10 in Conjurations
 11245 | D:9      | Reached *** piety under Vehumet
 11492 | D:9      | Offered knowledge of Frozen Ramparts by Vehumet.
 11498 | D:9      | Learned a level 3 spell: Frozen Ramparts
 11839 | D:10     | Entered Level 10 of the Dungeon
 11963 | D:10     | Found a staircase to the Orcish Mines.
 11984 | D:10     | Reached skill level 12 in Earth Magic
 12123 | D:10     | Noticed a wizard
 12337 | D:11     | Noticed a two-headed ogre
 12340 | D:11     | Killed a two-headed ogre
 12422 | D:11     | Noticed a cyclops
 12606 | D:10     | Reached **** piety under Vehumet
 12720 | D:10     | Noticed a centaur warrior
 12923 | D:10     | Killed a centaur warrior
 13306 | D:10     | Noticed a wizard
 13337 | D:10     | Noticed a wizard
 13385 | D:10     | Noticed a wizard
 13388 | D:10     | Killed a wizard
 13389 | D:10     | Reached skill level 10 in Spellcasting
 13391 | D:10     | Noticed a wizard
 13393 | D:10     | Killed a wizard
 13393 | D:10     | Offered knowledge of Lightning Bolt by Vehumet.
 13394 | D:10     | Reached XP level 12. HP: 46/60 MP: 18/26
 13559 | D:10     | Reached skill level 1 in Fighting
 13835 | D:10     | Reached skill level 13 in Earth Magic
 14062 | D:10     | Found the +3 warlock's mirror {reflect}
 14341 | Orc:1    | Entered Level 1 of the Orcish Mines
 15065 | Lair:1   | Entered Level 1 of the Lair of Beasts
 15411 | Lair:1   | Reached skill level 14 in Earth Magic
 15630 | Lair:1   | Found a runed translucent door.
 15631 | Lair:1   | Identified the +4 trident of the Depths {drain, rElec rF-
                  | rC+++ Will++}
 15667 | Lair:1   | Noticed Harold
 15676 | Lair:1   | Killed Harold
 15888 | Lair:1   | Reached ***** piety under Vehumet
 15893 | Lair:1   | Offered knowledge of Fulminant Prism by Vehumet.
 15909 | Lair:1   | Reached XP level 13. HP: 46/66 MP: 2/28
 16036 | Lair:1   | Learned a level 4 spell: Fulminant Prism
 16581 | Lair:1   | Noticed ders's ghost (journeyman GrEE)
 16934 | Lair:2   | HP: 3/66 [komodo dragon (22)]
 16934 | Lair:2   | Slain by a komodo dragon

Illustrated notes

Levels and vault maps discovered:
D:1:      saegor_arrival_simple_b, layout_loops_ring,
          ebering_ecumenical_altar_sacrificial, hangedman_decor_push,
          minmay_heptomino_d4
D:2:      layout_loops_ring, kennysheep_generic_room_9
D:3:      wad_river_or_something, layout_basic, nicolae_overflow_crystal_walls,
          serial_shops, nicolae_shop_hallway_plus
D:4:      layout_rooms
D:5:      layout_basic, uniq_menkaure
D:6:      layout_cave_pools
D:7:      hangedman_cross_stitches, layout_gridville, minmay_temple_entry_grid,
          gammafunk_ghost_split
D:8:      layout_gridville, enter_bailey_4, lightli_corner_chamber
D:9:      layout_roguey, minmay_lair_entry_grove, uniq_maurice
D:10:     minmay_smoke_and_mirrors, layout_rooms, david_orc_1_choice,
          grunt_livestock
D:11:     layout_roguey, st_stairs_2, uniq_sonja
Temple:   dpeg_three_leaves_temple
Lair:1:   layout_gridlike, ebering_ghost_funeral_grove,
          nicolae_lair_grazing_beasts [nicolae_sub_lair_graze_edge,
          nicolae_sub_lair_graze_edge, nicolae_sub_lair_graze_edge,
          nicolae_sub_lair_graze_edge], uniq_harold
Lair:2:   layout_long_grid, chequers_serial_rivers_room_a, beast_lair_carwin_10,
          infiniplex_staircase_pool_2, lemuel_fruit_tree
Orc:1:    layout_caves

Skill      XL: |  1  2  3  4  5  6  7  8  9 10 11 12 13 |
---------------+----------------------------------------+-----
Earth Magic    | 4 5 6 7 9 11 12 14 | 14.9
Conjurations   | 1 2 3 4 6 8 9 10 11 12 | 12.4
Spellcasting   | 3 4 5 6 8 10 11 12 | 12.0
Transmutations | 1 2 3 |  3.2
Shields        | 2 4 |  4.0
Stealth        | 3 4 |  4.6
Fighting       | 1 2 |  2.1
Short Blades   | |  0.8
Dodging        | |  1.5
Ice Magic      | |  0.6

Action                   |  1- 3 |  4- 6 |  7- 9 | 10-12 | 13-15 || total
-------------------------+-------+-------+-------+-------+-------++-------
Melee: Unarmed           |     2 |     1 |       |       |       ||     3
       Dagger            |       |       |     6 |    12 |       ||    18
 Cast: Sandblast         |    48 |    93 |    65 |   167 |    12 ||   385
       Stone Arrow       |       |     7 |    85 |   249 |    36 ||   377
       Petrify           |       |       |       |    11 |       ||    11
       Frozen Ramparts   |       |       |       |     4 |     1 ||     5
       Fulminant Prism   |       |       |       |       |     7 ||     7
  Use: Potion            |       |       |     4 |       |     1 ||     5
       Scroll            |       |       |    13 |     2 |     4 ||    19
 Stab: Petrified         |       |       |       |    10 |       ||    10
Armor: Robe              |     6 |    14 |    49 |    32 |       ||   101
       Steam dragon scal |       |       |       |    38 |     9 ||    47
Dodge: Dodged            |    12 |    28 |    87 |    98 |     7 ||   232
Block: Buckler           |       |       |     8 |    42 |     2 ||    52

Table legend: (Time is in decaauts)
 A = Elapsed time spent in this place.
 B = Non-inter-level travel time spent in this place.
 C = Inter-level travel time spent in this place.
 D = Time resting spent in this place.
 E = Time spent auto-exploring this place.
 F = Levels seen in this place.
 G = Mean time per level.
                   A        B        C        D        E       F      G
               +--------+--------+--------+--------+--------+-----+--------+
         Total |  16942 |  15501 |   1441 |   6729 |   6310 |  16 | 1058.9 |
       Dungeon |  14620 |  13215 |   1405 |   5926 |   5456 |  11 | 1329.1 |
        Temple |     10 |      2 |      8 |      0 |      0 |   1 |   10.0 |
          Lair |   1732 |   1719 |     13 |    591 |    833 |   2 |  866.0 |
  Orcish Mines |     22 |      7 |     15 |      0 |      0 |   1 |   22.0 |
        Bailey |    557 |    557 |      0 |    212 |     21 |   1 |  557.0 |
               +--------+--------+--------+--------+--------+-----+--------+

Top non-repeatable levels by time:
    D:10: 2333 daAuts
     D:7: 2158 daAuts
     D:9: 1673 daAuts
  Lair:1: 1411 daAuts
     D:3: 1312 daAuts
     D:5: 1294 daAuts
     D:6: 1290 daAuts
     D:1: 1136 daAuts
     D:2: 955 daAuts
    D:11: 840 daAuts
     D:4: 835 daAuts
     D:8: 791 daAuts
  Bailey: 557 daAuts
  Lair:2: 320 daAuts
   Orc:1: 22 daAuts
